 Dungeon Crawl Stone Soup version 0.23.2 (webtiles) character file.

Game seed: 11512764304579337053

11287 havocjr2 the Destroyer (level 11, -26/74 HPs)
             Began as a Gnoll Conjurer on Apr 5, 2019.
             Was an Elder of Hepliaklqana.
             Annihilated by a komodo dragon (32 damage)
             ... on level 11 of the Dungeon on Apr 6, 2019.
             The game lasted 02:16:35 (12687 turns).

havocjr2 the Destroyer (Gnoll Conjurer)            Turns: 12687, Time: 02:16:36

Health: -26/74     AC: 11    Str: 11    XL:     11   Next: 75%
Magic:  15/23      EV: 15    Int: 20    God:    Hepliaklqana [****..]
Gold:   366        SH:  0    Dex: 16    Spells: 8/26 levels left

rFire    . . .     SeeInvis .   B - +4 scimitar
rCold    + . .     Gourm    .   (no shield)
rNeg     . . .     Faith    .   X - +3 ring mail
rPois    +         Spirit   .   Q - +1 hat
rElec    .         Reflect  .   (no cloak)
rCorr    .         Harm     +   R - +0 pair of gloves
MR       +....     Clarity  +   E - +0 pair of boots
Stlth    +++.......             O - amulet of harm
HPRegen  0.22/turn              P - ring of protection from cold
MPRegen  0.18/turn              D - ring of protection from magic

@: corroded
A: distributed training, reduced essence, fangs 1, molten scales 1, clarity,
poison resistance, evolution 1, MP-powered wands, strong nose
a: Recall Ancestor, Ancestor Identity, Transference, Idealise, Renounce Religion


You were on level 11 of the Dungeon.
You worshipped Hepliaklqana.
Hepliaklqana was greatly pleased with you.
You were not hungry.

You visited 1 branch of the dungeon, and saw 11 of its levels.

You collected 536 gold pieces.
You spent 170 gold pieces at shops.

Inventory:

Hand Weapons
 d - a +1 vampiric dagger
 j - a cursed +4 flail of freezing
 B - a +4 scimitar (weapon)
 C - a +1 whip of flaming
 I - a +0 hand crossbow
 W - a +3 longbow
Missiles
 i - 164 arrows
 x - 9 tomahawks (quivered)
 F - 19 bolts
Armour
 f - a +0 shield
 E - a +0 pair of boots (worn)
 Q - a +1 hat (worn)
 R - a +0 pair of gloves (worn)
 X - a +3 ring mail (worn)
Jewellery
 o - an uncursed amulet of the acrobat
 y - an uncursed ring of fire
 D - a ring of protection from magic (right hand)
 K - an uncursed ring of fire
 O - an amulet of harm (around neck)
 P - a ring of protection from cold (left hand)
Wands
 a - a wand of polymorph (4)
 r - a wand of iceblast (11)
 v - a wand of acid (9)
 N - a wand of enslavement (7)
 S - a wand of digging (4)
Scrolls
 g - 5 scrolls of remove curse
 h - 4 scrolls of identify
 m - 3 scrolls of fear {unknown}
 p - 4 scrolls of magic mapping
 q - 5 scrolls of immolation {unknown}
 s - a scroll of acquirement {unknown}
 t - 9 scrolls of teleportation
 u - 4 scrolls of blinking
 A - a scroll of brand weapon {unknown}
 L - a scroll of enchant weapon {unknown}
 M - 3 scrolls of amnesia {unknown}
 T - a scroll of vulnerability {unknown}
 U - 2 scrolls of fog {unknown}
 Y - a scroll of enchant armour {unknown}
 Z - a scroll of holy word {unknown}
Potions
 k - a potion of flight {unknown}
 l - a potion of magic {unknown}
 n - 3 potions of curing
 w - a potion of haste {unknown}
 z - 2 potions of brilliance
 G - 3 potions of lignification {unknown}
 H - 5 potions of might {unknown}
 J - a potion of resistance {unknown}
 V - a potion of agility {unknown}
Comestibles
 c - 24 rations
 e - 2 chunks of flesh


   Skills:
 + Level 6.4 Fighting
 + Level 6.4 Short Blades
 + Level 6.4 Long Blades
 + Level 6.4 Axes
 + Level 6.4 Maces & Flails
 + Level 6.4 Polearms
 + Level 6.4 Staves
 + Level 6.4 Slings
 + Level 6.4 Bows
 + Level 6.4 Crossbows
 + Level 6.4 Throwing
 + Level 6.4 Armour
 + Level 8.0 Dodging
 + Level 7.8 Stealth
 + Level 6.4 Shields
 + Level 6.4 Unarmed Combat
 + Level 8.3 Spellcasting
 + Level 9.0 Conjurations
 + Level 5.3 Hexes
 + Level 5.3 Charms
 + Level 5.3 Summonings
 + Level 5.3 Necromancy
 + Level 5.3 Translocations
 + Level 5.3 Transmutations
 + Level 5.3 Fire Magic
 + Level 5.3 Ice Magic
 + Level 5.3 Air Magic
 + Level 5.3 Earth Magic
 + Level 5.3 Poison Magic
 + Level 7.1 Invocations
 + Level 6.4 Evocations


You had 8 spell levels left.
You knew the following spells:

 Your Spells              Type           Power        Failure   Level  Hunger
a - Magic Dart            Conj           ####         1%          1    None
b - Iskenderun's Mystic   Conj           #####...     4%          4    ###....
c - Dazzling Spray        Conj/Hex       #####.       2%          3    None
d - Summon Guardian Gole  Hex/Summ       ####....     6%          3    None
e - Fulminant Prism       Conj/Hex       #####.....   9%          4    ###....
f - Confuse               Hex            ####....     6%          3    None

Your spell library contained the following spells:

 Spells                   Type           Power        Failure   Level  Hunger
 Corona                   Hex            ####...      1%          1    None
 Summon Small Mammal      Summ           ####         1%          1    None
 Searing Ray              Conj           #####.       1%          2    None
 Call Imp                 Summ           ####....     3%          2    None
 Ensorcelled Hibernation  Hex/Ice        ####..       3%          2    None
 Call Canine Familiar     Summ           ####....     6%          3    None
 Tukima's Dance           Hex            ####....     6%          3    None
 Force Lance              Conj/Tloc      #####...     9%          4    ###....
 Summon Ice Beast         Ice/Summ       ####....     19%         4    ###....
 Summon Lightning Spire   Summ/Air       ####....     19%         4    ###....


Dungeon Overview and Level Annotations

Branches:
Dungeon (11/15)            Temple (0/1) D:7             Orc (0/2) D:9
   Lair: D:8-11

Altars:
Ashenzari
Cheibriados
Hepliaklqana
Kikubaaqudgha
Makhleb
Okawaru
Ru
Yredelemnul
The Shining One

Shops:
D:5 ?   D:7 (   D:8 ?   D:9 :


Innate Abilities, Weirdness & Mutations

Your experience applies equally to all skills.
You have very sharp teeth.
Your uncanny sense of smell can sniff out nearby items.
Your life essence is reduced to manifest your ancestor. (-10% HP)
You are partially covered in molten scales. (AC +2)
You possess an exceptional clarity of mind.
Your system is resistant to poisons. (rPois)
You evolve.
You expend magic power (3 MP) to strengthen your wands.


Message History

A komodo dragon comes into view.
The acid dragon spits acid at you. The splash of acid hits you!
You are splashed with acid!
* * * LOW HITPOINT WARNING * * *
Nakurtum hits the black bear with a +0 flail.
The black bear dies!
You feel much better. The acid dragon bites you! The acid dragon claws you.
The acid dragon misses you. The acid dragon closely misses you.
Nakurtum hits the acid dragon with a +0 flail.
You swap places.
The acid dragon spits acid at you. The splash of acid hits you!
* * * LOW HITPOINT WARNING * * *
You are splashed with acid!
* * * LOW HITPOINT WARNING * * *
Nakurtum hits the acid dragon with a +0 flail.
Nakurtum blocks the acid dragon's attack.
The acid dragon claws Nakurtum but does no damage.
The komodo dragon bites you!!
You die...

# ##### ### #^
#..#.##.#######
#.#.###.........##
###.#.@RD....###....##
#.[†.l..8..###
####..## .......#.#.##
###.. ......#.#### ###
#...#### ..## . ∆ ###
#.#


You could see the friendly Nakurtum the knight, a komodo dragon, an acid dragon
and a friendly guardian golem.

Vanquished Creatures
  A centaur skeleton (D:11)
  A kobold demonologist (D:11)
  An ice devil (D:11)
  A troll (D:10)
  Grinder (D:6)
  A spriggan (D:10)
  3 yaks
  A human (D:7)
  A hornet zombie (D:7)
  2 sky beasts
  2 ogres
  A wolf (D:11)
  A centaur (D:5)
  A crocodile (D:11)
  3 big kobolds
  A wyvern zombie (D:11)
  3 bullfrogs
  3 scorpions
  A killer bee (D:9)
  2 wights (D:10)
  An electric eel (D:11)
  2 crimson imps
  A centaur zombie (D:5)
  A human zombie (D:4)
  2 jellies (D:5)
  5 hounds
  3 orc priests
  6 orc wizards
  An iguana (D:5)
  Natasha (thrice) (D:4)
  9 worker ants
  2 gnolls
  11 adders
  2 shadow imps
  A worker ant simulacrum (D:11)
  An ooze (D:2)
  An adder skeleton (D:8)
  A worm (D:3)
  6 leopard geckos
  21 orcs
  6 giant cockroaches
  11 goblins
  7 hobgoblins
  6 jackals
  4 quokkas
  3 ball pythons
  9 bats
  3 frilled lizards
  A goblin zombie (D:7)
  A hobgoblin zombie (D:7)
  33 kobolds
  2 kobold skeletons (D:7)
  A kobold zombie (D:7)
  A leopard gecko skeleton (D:4)
  2 orc skeletons
  3 orc zombies
  7 rats
  3 plants (D:4)
214 creatures vanquished.

Vanquished Creatures (collateral kills)
  A hydra (D:11)
  2 ugly things (D:11)
  An ice devil (D:11)
  A polar bear (D:11)
  3 hippogriffs
  A water elemental (D:11)
  A vampire (D:9)
  2 wyverns
  A basilisk (D:11)
  2 yaks (D:10)
  A human (D:7)
  5 orc warriors
  3 sky beasts
  3 black bears
  A necrophage (D:10)
  2 ice beasts (D:11)
  An ogre (D:9)
  4 wolves (D:11)
  2 centaurs
  A crocodile (D:11)
  A big kobold (D:10)
  A bullfrog (D:7)
  5 killer bees
  3 wights (D:10)
  2 crimson imps
  A bullfrog zombie (D:11)
  5 jellies
  3 hounds
  6 orc priests
  A wyvern simulacrum (D:11)
  7 worker ants
  2 knights (D:11)
  3 orc wizards
  Robin (D:4)
  3 gnolls (D:5)
  2 adders (D:8)
  An ufetubus (D:11)
  An adder skeleton (D:4)
  A worm (D:5)
  14 orcs
  A goblin (D:4)
  A jackal (D:5)
  A quokka (D:10)
  A goblin skeleton (D:7)
  2 hobgoblin zombies (D:7)
  8 kobolds
  A kobold zombie (D:7)
  An orc zombie (D:4)
  A plant (D:4)
118 creatures vanquished.

Vanquished Creatures (others)
  3 knights
  2 ancestors
  A kobold (D:11)
  7 fulminant prisms
13 creatures vanquished.

Grand Total: 345 creatures vanquished

Notes
Turn   | Place    | Note
-------+----------+-------------------------------------------
     0 | D:1      | havocjr2 the Gnoll Conjurer began the quest for the Orb.
     0 | D:1      | Reached XP level 1. HP: 13/13 MP: 6/6
    61 | D:1      | You fall through a shaft!
    64 | D:2      | Found a sacrificial altar of Ru.
    72 | D:2      | Noticed an orc wizard
    99 | D:2      | Killed an orc wizard
    99 | D:2      | Reached skill level 5 in Spellcasting
    99 | D:2      | Reached XP level 2. HP: 20/20 MP: 4/8
    99 | D:2      | Reached XP level 3. HP: 25/25 MP: 4/9
   274 | D:1      | Reached skill level 1 in Invocations
   447 | D:1      | Reached skill level 1 in Fighting
   447 | D:1      | Reached skill level 1 in Short Blades
   447 | D:1      | Reached skill level 1 in Long Blades
   447 | D:1      | Reached skill level 1 in Axes
   447 | D:1      | Reached skill level 1 in Maces & Flails
   447 | D:1      | Reached skill level 1 in Polearms
   447 | D:1      | Reached skill level 1 in Staves
   447 | D:1      | Reached skill level 1 in Slings
   447 | D:1      | Reached skill level 1 in Bows
   447 | D:1      | Reached skill level 1 in Crossbows
   447 | D:1      | Reached skill level 1 in Throwing
   447 | D:1      | Reached skill level 1 in Armour
   447 | D:1      | Reached skill level 1 in Shields
   447 | D:1      | Reached skill level 1 in Unarmed Combat
   447 | D:1      | Reached skill level 1 in Evocations
   965 | D:1      | Reached XP level 4. HP: 32/32 MP: 8/11
  1061 | D:2      | Learned a level 4 spell: Iskenderun's Mystic Blast
  1293 | D:2      | Found a basalt altar of Yredelemnul.
  1672 | D:2      | Found a snail-covered altar of Cheibriados.
  1789 | D:3      | Reached skill level 1 in Hexes
  1789 | D:3      | Reached skill level 1 in Charms
  1789 | D:3      | Reached skill level 1 in Summonings
  1789 | D:3      | Reached skill level 1 in Necromancy
  1789 | D:3      | Reached skill level 1 in Translocations
  1789 | D:3      | Reached skill level 1 in Transmutations
  1789 | D:3      | Reached skill level 1 in Fire Magic
  1789 | D:3      | Reached skill level 1 in Ice Magic
  1789 | D:3      | Reached skill level 1 in Air Magic
  1789 | D:3      | Reached skill level 1 in Earth Magic
  1789 | D:3      | Reached skill level 1 in Poison Magic
  1993 | D:3      | Reached XP level 5. HP: 37/37 MP: 8/12
  2198 | D:3      | Found a hazy altar of Hepliaklqana.
  2216 | D:3      | Became a worshipper of Hepliaklqana the Forgotten
  2359 | D:4      | Noticed Robin
  2396 | D:4      | Killed Robin
  2703 | D:4      | Noticed Natasha
  2706 | D:4      | Killed Natasha
  2706 | D:4      | Reached XP level 6. HP: 39/39 MP: 9/13
  2715 | D:4      | Learned a level 3 spell: Dazzling Spray
  2920 | D:4      | Reached skill level 5 in Dodging
  3133 | D:4      | Noticed Natasha
  3207 | D:4      | Killed Natasha
  3255 | D:5      | Entered Level 5 of the Dungeon
  3497 | D:4      | Reached XP level 7. HP: 21/45 MP: 15/15
  3724 | D:4      | Noticed Natasha
  3728 | D:4      | Killed Natasha
  4110 | D:4      | Reached * piety under Hepliaklqana
  4409 | D:5      | Reached skill level 5 in Stealth
  4796 | D:5      | Reached XP level 8. HP: 51/51 MP: 6/16
  5420 | D:5      | Found Iticekh's Magic Scroll Shop.
  5427 | D:5      | Bought a scroll of blinking for 82 gold pieces
  5427 | D:5      | Bought 2 scrolls of teleportation for 66 gold pieces
  5427 | D:5      | Bought a scroll of identify for 22 gold pieces
  5757 | D:6      | Noticed Grinder
  5770 | D:6      | Killed Grinder
  6209 | D:6      | Reached ** piety under Hepliaklqana
  6210 | D:6      | Remembered your ancestor Nakurtum as a knight
  6419 | D:7      | Found a shattered altar of Ashenzari.
  6527 | D:7      | Reached XP level 9. HP: 50/58 MP: 18/18
  6558 | D:7      | Found a glowing golden altar of the Shining One.
  6596 | D:7      | Learned a level 3 spell: Summon Guardian Golem
  6937 | D:7      | Got a fine scale mail
  6948 | D:7      | Identified the cursed +0 scale mail "Ymatel" {Str+2} (You
                  | found it on level 7 of the Dungeon)
  7055 | D:7      | Reached skill level 8 in Conjurations
  7295 | D:7      | Found an iron altar of Okawaru.
  7431 | D:7      | Gained mutation: You have sharp fingernails. [potion of
                  | mutation]
  7431 | D:7      | Gained mutation: You are resistant to hostile enchantments.
                  | (MR+) [potion of mutation]
  7431 | D:7      | Gained mutation: Your movements are slightly less
                  | encumbered by armour. (ER -2) [potion of mutation]
  7431 | D:7      | Gained mutation: You have a pair of small antennae on your
                  | head. [potion of mutation]
  7432 | D:7      | Lost mutation: You have a pair of small antennae on your
                  | head. [potion of mutation]
  7432 | D:7      | Lost mutation: You are resistant to hostile enchantments.
                  | (MR+) [potion of mutation]
  7432 | D:7      | Gained mutation: Your system is resistant to poisons.
                  | (rPois) [potion of mutation]
  7432 | D:7      | Gained mutation: You can translocate small distances at
                  | will. [potion of mutation]
  7432 | D:7      | Gained mutation: You evolve. [potion of mutation]
  7494 | D:7      | Found Ovion's Antique Weapon Boutique.
  7665 | D:7      | Found a staircase to the Ecumenical Temple.
  7753 | D:7      | Found a burning altar of Makhleb.
  7894 | D:8      | Reached skill level 5 in Invocations
  8161 | D:8      | Reached XP level 10. HP: 65/65 MP: 20/20
  8215 | D:8      | Found Canujo's Magic Scroll Boutique.
  8573 | D:9      | Found Wuoxuvu's Book Shoppe.
  8968 | D:9      | Found an ancient bone altar of Kikubaaqudgha.
  9069 | D:9      | Reached skill level 5 in Fighting
  9069 | D:9      | Reached skill level 5 in Short Blades
  9069 | D:9      | Reached skill level 5 in Long Blades
  9069 | D:9      | Reached skill level 5 in Axes
  9069 | D:9      | Reached skill level 5 in Maces & Flails
  9069 | D:9      | Reached skill level 5 in Polearms
  9069 | D:9      | Reached skill level 5 in Staves
  9069 | D:9      | Reached skill level 5 in Slings
  9069 | D:9      | Reached skill level 5 in Bows
  9069 | D:9      | Reached skill level 5 in Crossbows
  9069 | D:9      | Reached skill level 5 in Throwing
  9069 | D:9      | Reached skill level 5 in Armour
  9069 | D:9      | Reached skill level 5 in Shields
  9069 | D:9      | Reached skill level 5 in Unarmed Combat
  9069 | D:9      | Reached skill level 5 in Evocations
  9111 | D:9      | Reached *** piety under Hepliaklqana
  9255 | D:9      | Found a staircase to the Orcish Mines.
  9499 | D:10     | Entered Level 10 of the Dungeon
  9507 | D:9      | Learned a level 4 spell: Fulminant Prism
  9589 | D:10     | Learned a level 3 spell: Confuse
  9927 | D:10     | Noticed a gargoyle
 10736 | D:10     | Reached **** piety under Hepliaklqana
 10833 | D:10     | Lost mutation: You have sharp fingernails. [potion of
                  | mutation]
 10833 | D:10     | Lost mutation: You can translocate small distances at will.
                  | [potion of mutation]
 10833 | D:10     | Gained mutation: Scrolls take you a little longer to read.
                  | [potion of mutation]
 10833 | D:10     | Gained mutation: You possess an exceptional clarity of
                  | mind. [potion of mutation]
 10833 | D:10     | Gained mutation: Your mind is acute. (Int +2) [potion of
                  | mutation]
 10834 | D:10     | Lost mutation: Scrolls take you a little longer to read.
                  | [potion of mutation]
 10834 | D:10     | Lost mutation: Your movements are slightly less encumbered
                  | by armour. (ER -2) [potion of mutation]
 10834 | D:10     | Lost mutation: Your mind is acute. (Int +2) [potion of
                  | mutation]
 10834 | D:10     | Gained mutation: You expend magic power (3 MP) to
                  | strengthen your wands. [potion of mutation]
 10834 | D:10     | Gained mutation: You are partially covered in molten
                  | scales. (AC +2) [potion of mutation]
 10977 | D:11     | Reached XP level 11. HP: 72/72 MP: 22/22
 11457 | D:11     | Noticed a cyan ugly thing
 11472 | D:11     | Killed a cyan ugly thing
 11591 | D:11     | Noticed a white ugly thing
 11775 | D:11     | Killed a white ugly thing
 11775 | D:11     | Reached skill level 5 in Hexes
 11775 | D:11     | Reached skill level 5 in Charms
 11775 | D:11     | Reached skill level 5 in Summonings
 11775 | D:11     | Reached skill level 5 in Necromancy
 11775 | D:11     | Reached skill level 5 in Translocations
 11775 | D:11     | Reached skill level 5 in Transmutations
 11775 | D:11     | Reached skill level 5 in Fire Magic
 11775 | D:11     | Reached skill level 5 in Ice Magic
 11775 | D:11     | Reached skill level 5 in Air Magic
 11775 | D:11     | Reached skill level 5 in Earth Magic
 11775 | D:11     | Reached skill level 5 in Poison Magic
 11902 | D:11     | Noticed a sun demon
 12612 | D:11     | Noticed a six-headed hydra
 12619 | D:11     | Killed a six-headed hydra
 12619 | D:11     | Reached skill level 9 in Conjurations
 12687 | D:11     | Annihilated by a komodo dragon

Skill      XL: |  1  2  3  4  5  6  7  8  9 10 11 |
---------------+----------------------------------+-----
Spellcasting   | 5 6 7 8 |  8.3
Invocations    | 1 2 3 4 5 6 7 |  7.1
Fighting       | 1 2 3 4 5 6 |  6.4
Short Blades   | 1 2 3 4 5 6 |  6.4
Long Blades    | 1 2 3 4 5 6 |  6.4
Axes           | 1 2 3 4 5 6 |  6.4
Maces & Flails | 1 2 3 4 5 6 |  6.4
Polearms       | 1 2 3 4 5 6 |  6.4
Staves         | 1 2 3 4 5 6 |  6.4
Slings         | 1 2 3 4 5 6 |  6.4
Bows           | 1 2 3 4 5 6 |  6.4
Crossbows      | 1 2 3 4 5 6 |  6.4
Throwing       | 1 2 3 4 5 6 |  6.4
Armour         | 1 2 3 4 5 6 |  6.4
Shields        | 1 2 3 4 5 6 |  6.4
Unarmed Combat | 1 2 3 4 5 6 |  6.4
Evocations     | 1 2 3 4 5 6 |  6.4
Hexes          | 1 2 3 4 5 |  5.3
Charms         | 1 2 3 4 5 |  5.3
Summonings     | 1 2 3 4 5 |  5.3
Necromancy     | 1 2 3 4 5 |  5.3
Translocations | 1 2 3 4 5 |  5.3
Transmutations | 1 2 3 4 5 |  5.3
Fire Magic     | 1 2 3 4 5 |  5.3
Ice Magic      | 1 2 3 4 5 |  5.3
Air Magic      | 1 2 3 4 5 |  5.3
Earth Magic    | 1 2 3 4 5 |  5.3
Poison Magic   | 1 2 3 4 5 |  5.3
Dodging        | 5 6 7 8 |  8.0
Stealth        | 5 6 7 |  7.8
Conjurations   | 8 9 |  9.0

Action                   |  1- 3 |  4- 6 |  7- 9 | 10-12 || total
-------------------------+-------+-------+-------+-------++-------
Melee: Unarmed           |     1 |       |       |     1 ||     2
       Dagger            |     7 |   106 |   331 |     9 ||   453
       Bite              |     1 |    12 |    48 |    13 ||    74
       Punch             |       |     4 |    11 |     5 ||    20
       Short sword       |       |       |       |    25 ||    25
       Scimitar          |       |       |       |    74 ||    74
 Fire: Hand crossbow     |       |       |     6 |       ||     6
       Longbow           |       |       |       |    70 ||    70
Throw: Tomahawk          |       |       |    17 |     6 ||    23
 Cast: Magic Dart        |    30 |    53 |    11 |       ||    94
       Dazzling Spray    |       |     6 |    20 |       ||    26
       Iskenderun's Myst |       |       |     7 |     1 ||     8
       Summon Guardian G |       |       |    14 |    50 ||    64
       Fulminant Prism   |       |       |       |     7 ||     7
       Confuse           |       |       |       |     8 ||     8
Invok: Recall Ancestor   |       |     2 |     3 |     3 ||     8
       Ancestor Life: Kn |       |       |     1 |       ||     1
Evoke: Wand              |       |       |       |     2 ||     2
  Use: Scroll            |       |       |     9 |     3 ||    12
       Potion            |       |       |     3 |     3 ||     6
 Stab: Sleeping          |     1 |     8 |     8 |     2 ||    19
       Invisible         |       |     1 |     4 |       ||     5
       Distracted        |       |       |     3 |       ||     3
       Confused          |       |       |       |     1 ||     1
  Eat: Chunk             |       |     6 |    12 |    15 ||    33
       Ration            |       |     1 |     1 |       ||     2
Armor: Robe              |       |    12 |    31 |     6 ||    49
       Ring mail         |       |       |       |    36 ||    36
Dodge: Dodged            |    11 |    73 |   173 |   140 ||   397
       Rpst.: Scimitar   |       |       |       |    20 ||    20
